 Dungeon Crawl Stone Soup version 0.16.2-12-gd0ad4c3 (webtiles) character file.

159 namelastname112 the Insei (level 5, -2/38 HPs)
             Began as a Draconian Earth Elementalist on Oct 11, 2015.
             Slain by Robin
             ... wielding a cursed +0 spear
              (3 damage)
             ... on level 3 of the Dungeon.
             The game lasted 00:16:53 (3415 turns).

namelastname112 the Insei (DrEE)                    Turns: 3415, Time: 00:16:53

Health: -2/38      AC:  5    Str: 11    XL:     5   Next: 17%
Magic:  6/9        EV: 12    Int: 15    God:
Gold:   158        SH:  0    Dex: 12    Spells: 1 memorised, 7 levels left

rFire  . . .     SeeInvis .       - Unarmed
rCold  . . .     Clarity  .     (armour unavailable)
rNeg   . . .     SustAb   .     (no shield)
rPois  .         Gourm    .     (helmet restricted)
rElec  .         Spirit   .     (no cloak)
rCorr  .         Warding  .     (no gloves)
rMut   .         Stasis   .     (no boots)
MR     .....                    (no amulet)
Stlth  ++........               (no ring)
                                (no ring)

@: lethally poisoned (-2 -> -16), not resistant to hostile enchantments,
unstealthy
A: unfitting armour, cold-blooded, AC +5
a: no special abilities


You were on level 3 of the Dungeon.
You were not hungry.

You visited 1 branch of the dungeon, and saw 3 of its levels.

You collected 158 gold pieces.

Inventory:

Missiles
 b - 32 stones (quivered)
Scrolls
 c - a scroll of fear {unknown}
 e - a scroll of fog {unknown}
 f - 9 scrolls of identify {unknown}
 g - a scroll of remove curse {unknown}
 h - a scroll of teleportation {unknown}
 i - 2 scrolls of enchant weapon {unknown}
 j - a scroll of amnesia {unknown}
 m - a scroll of enchant armour {unknown}
Books
 d - a book of Geomancy

   Spells                             Type                      Level
   a - Sandblast                      Earth                        1
   b - Stoneskin                      Transmutation/Earth          2
   c - Passwall                       Transmutation/Earth          3
   d - Stone Arrow                    Conjuration/Earth            3
   e - Petrify                        Transmutation/Earth          4
   f - Lee's Rapid Deconstruction     Earth                        5
Comestibles
 a - 3 bread rations
 k - a royal jelly
 l - a chunk of flesh


   Skills:
 - Level 1.7 Dodging
 - Level 1.7 Stealth
 + Level 4.9 Unarmed Combat
 - Level 2.0 Spellcasting
   Level 1.0 Transmutations
 - Level 3.0 Earth Magic


You had 7 spell levels left.
You knew the following spells:

 Your Spells              Type           Power        Failure   Level  Hunger
a - Sandblast             Erth           ##....       8%          1    #......


Dungeon Overview and Level Annotations

Branches:
Dungeon (3/15)

Altars:

Annotations:
D:3 1 exclusion, Robin


Innate Abilities, Weirdness & Mutations

Your plain brown scales are hard (AC +5).
Your body does not fit into most forms of armour.
Your cold-blooded metabolism reacts poorly to cold.


Message History

The floor.
You completely miss the goblin.
* * * LOW HITPOINT WARNING * * *
You feel sick. The goblin closely misses you.
You punch the goblin!
You kill the goblin!
* * * LOW HITPOINT WARNING * * *
You feel sick. Robin barely misses you. The goblin hits you with a dagger.
* * * LOW HITPOINT WARNING * * *
* * * LOW HITPOINT WARNING * * *
You feel sick.
Robin says, "Kneel, worm!"
Robin throws the goblin at you! The goblin hits you but does no damage.
Items here: ))) †† a dagger x3 a goblin corpse x2
Unknown command.
* * * LOW HITPOINT WARNING * * *
You feel sick. Robin hits you from afar with a spear.
You die...

♣.♣♣ ...... . ♣♣.♣♣ ....
... ♣...♣♣ .... .. ♣....♣
..... #....# ..#. ##..##
#o. #...# #g# ##.## #)#
##### #.# #@# # ##...# #.#
#)# ... #.....
#.#########g# #.##....
#....)......# #....#.#
###........## ###..#>###
#.......## #.....†...
#.......#########.#.......
#.........................
#....>..#########.##......


You could see Robin, an orc and a goblin (frenzied).

Vanquished Creatures
  Natasha (D:3)
  6 adders
  2 worms
  2 giant geckos
  4 orcs (D:3)
  6 bats
  A giant cockroach (D:2)
  14 goblins
  6 hobgoblins
  10 kobolds
  2 ball pythons
  2 giant newts
  2 quokkas (D:3)
  10 rats
68 creatures vanquished.

Notes
Turn   | Place    | Note
--------------------------------------------------------------
     0 | D:1      | namelastname112, the Draconian Earth Elementalist, began the quest for the Orb.
     0 | D:1      | Reached XP level 1. HP: 14/14 MP: 3/3
    40 | D:1      | Reached skill level 1 in Unarmed Combat
   255 | D:1      | Reached XP level 2. HP: 20/20 MP: 0/4
  1337 | D:2      | Reached XP level 3. HP: 22/26 MP: 6/6
  2257 | D:2      | Reached XP level 4. HP: 15/33 MP: 7/7
  2688 | D:2      | Reached skill level 4 in Unarmed Combat
  2907 | D:3      | Noticed Natasha
  2918 | D:3      | Killed Natasha
  3300 | D:3      | Reached XP level 5. HP: 38/38 MP: 9/9
  3364 | D:3      | Noticed Robin
  3415 | D:3      | HP: 1/38 [poisoned by an orc]
  3415 | D:3      | Slain by Robin

Action                   |  1- 3 |  4- 6 || total
-------------------------+-------+-------++-------
Melee: Unarmed           |   137 |   139 ||   276
 Cast: Sandblast         |    27 |     5 ||    32
  Use: Potion            |     1 |       ||     1
 Stab: Sleeping          |     2 |       ||     2
  Eat: Bread ration      |     1 |       ||     1
       Chunk             |       |     4 ||     4
